 Dungeon Crawl Stone Soup version 0.27-a0-334-g52645ef (webtiles) character file.

Game seed: 2144101709722430149

459 Toastz the Skirmisher (level 6, -10/58 HPs)
             Began as a Minotaur Fighter on Feb 13, 2021.
             Mangled by a two-headed ogre
             ... wielding a +0 giant spiked club
              (29 damage)
             ... on level 4 of the Dungeon.
             The game lasted 00:12:00 (3174 turns).

Toastz the Skirmisher (Minotaur Fighter)            Turns: 3174, Time: 00:12:01

Health: -10/58     AC:  8    Str: 23    XL:     6   Next: 78%
Magic:  14/14      EV:  9    Int:  5    God:
Gold:   186        SH: 15    Dex:  9    Spells: 5/5 levels left

rFire    . . .     SeeInvis .   l - +0 hand axe (venom)
rCold    . . .     Faith    .   y - +0 tower shield
rNeg     . . .     Spirit   .   b - +0 scale mail
rPois    .         Reflect  .   (helmet restricted)
rElec    .         Harm     .   x - scarf {+Inv}
rCorr    .         Rampage  .   u - +0 pair of gloves
Will     .....                  (no boots)
Stlth    ..........             c - amulet of the acrobat
HPRegen  0.19/turn              r - +4 ring of evasion
MPRegen  0.14/turn              v - ring of magical power

@: no status effects
A: retaliatory headbutt, horns 2
a: Evoke Invisibility


You were on level 4 of the Dungeon.
You visited 1 branch of the dungeon, and saw 4 of its levels.

You collected 186 gold pieces.

Inventory:

Hand Weapons
 a - a +0 war axe
 l - a +0 hand axe of venom (weapon)
Missiles
 f - 74 stones (quivered)
Armour
 b - a +0 scale mail (worn)
 k - a +0 cloak
 u - a +0 pair of gloves (worn)
 x - a scarf of invisibility (worn)
 y - a +0 tower shield (worn)
Jewellery
 c - an amulet of the acrobat (around neck)
 r - a +4 ring of evasion (left hand)
 v - a ring of magical power (right hand)
Wands
 p - a wand of flame (14)
Scrolls
 e - 2 scrolls of immolation {unknown}
 g - 3 scrolls of teleportation
 h - a scroll of fog {unknown}
 n - 4 scrolls of enchant weapon
 o - a scroll of blinking {unknown}
 w - 2 scrolls of enchant armour {unknown}
Potions
 d - a potion of might
 i - a potion of brilliance {unknown}
 j - a potion of flight {unknown}
 m - a potion of attraction {unknown}
 q - a potion of curing {unknown}
 s - a potion of lignification {unknown}
 t - a potion of invisibility {unknown}


   Skills:
 * Level 6.5 Fighting
 + Level 4.4 Axes
 + Level 5.2 Armour
 + Level 5.3 Shields


You had 5 spell levels left.
You didn't know any spells.
Your spell library was empty.

Dungeon Overview and Level Annotations

Branches:
Dungeon (4/15)
 Temple: D:4-7

Altars:
Fedhas
Nemelex Xobeh
Zin


Innate Abilities, Weirdness & Mutations

You reflexively headbutt those who attack you in melee.
You have a pair of horns on your head.


Message History

You destroy the adder skeleton!
No target in view!
Found a spear.
A two-headed ogre comes into view.
It is wielding two +0 giant spiked clubs.
The two-headed ogre shouts in stereo!
Found a hand axe and 12 stones.
You throw a stone.
The stone hits the two-headed ogre but does no damage.
A howler monkey comes into view.
You throw a stone. The howler monkey howls!
The stone hits the two-headed ogre.
The two-headed ogre is lightly wounded.
The howler monkey hoots and howls with incredible vigour!
The howler monkey hoots and howls with incredible vigour!
The two-headed ogre hits you with a +0 giant spiked club!
You block the two-headed ogre's attack.
You barely miss the two-headed ogre. You headbutt the two-headed ogre.
The two-headed ogre is lightly wounded.
The two-headed ogre barely misses you. You block the two-headed ogre's attack.
You slash the two-headed ogre!
The two-headed ogre is moderately wounded.
The howler monkey hoots and howls with incredible vigour!
You block the two-headed ogre's attack.
The two-headed ogre hits you with a +0 giant spiked club!
You barely miss the two-headed ogre. You headbutt the two-headed ogre.
The two-headed ogre is moderately wounded.
The two-headed ogre hits you with a +0 giant spiked club!!
You block the two-headed ogre's attack.
You are too injured to fight recklessly!
Throw: 75 stones
Press: ? - help, Q - select action, (/) - cycle Shift-Dir - straight line, f/p - two-headed ogre
Aim: a two-headed ogre, wielding two +0 giant spiked clubs (moderately wounded, 73% to hit)
You throw a stone.
The stone hits the two-headed ogre but does no damage.
The two-headed ogre is moderately wounded.
The howler monkey hoots and howls with incredible vigour!
The two-headed ogre hits you with a +0 giant spiked club!!
Ouch! That really hurt!
You die...

##.####.....#.......### ##
..##_##.............#[..
.##. ###...............>.. #
...# #..................
#.##(.. #..................
....(.. #.................[
#?..(. #.<................
###....####.............#...
........h(O@.....#.....##...
).).#...################ ##
. ##..# #...# .....# #.....#
#...#### ...#


You could see a two-headed ogre and a howler monkey (catching breath).

Vanquished Creatures
  Sigmund (D:1)
  2 hounds (D:4)
  Jessica (D:3)
  2 worker ants (D:4)
  4 gnolls (D:4)
  3 adders
  An ooze (D:2)
  An adder skeleton (D:4)
  5 worms
  2 dart slugs (D:1)
  4 leopard geckos
  4 orcs
  3 ball pythons (D:2)
  9 bats
  3 giant cockroaches
  7 goblins
  5 hobgoblins
  2 jackals (D:3)
  12 kobolds
  2 frilled lizards
  8 rats
81 creatures vanquished.

Notes
Turn   | Place    | Note
-------+----------+-------------------------------------------
     0 | D:1      | Toastz the Minotaur Fighter began the quest for the Orb.
     0 | D:1      | Reached XP level 1. HP: 19/19 MP: 0/0
   130 | D:1      | Reached XP level 2. HP: 22/27 MP: 1/1
   131 | D:1      | Reached skill level 4 in Fighting
   708 | D:2      | Noticed Sigmund
   719 | D:1      | Killed Sigmund
   720 | D:1      | Reached skill level 5 in Fighting
   720 | D:1      | Reached XP level 3. HP: 29/36 MP: 2/2
   720 | D:1      | Reached XP level 4. HP: 34/42 MP: 3/3
   720 | D:1      | Reached XP level 5. HP: 39/48 MP: 4/4
  1111 | D:2      | Found a blossoming altar of Fedhas.
  1946 | D:3      | Noticed Jessica
  1981 | D:3      | Killed Jessica
  1982 | D:3      | Reached XP level 6. HP: 39/57 MP: 5/5
  2255 | D:3      | Found a sparkling altar of Nemelex Xobeh.
  2512 | D:3      | Reached skill level 5 in Shields
  2579 | D:3      | Found a faded altar of an unknown god.
  2793 | D:4      | Reached skill level 6 in Fighting
  2866 | D:4      | Reached skill level 5 in Armour
  2868 | D:4      | Found a glowing silver altar of Zin.
  3164 | D:4      | Noticed a two-headed ogre
  3174 | D:4      | Mangled by a two-headed ogre

Illustrated notes

Levels and vault maps discovered:
D:1:      dpeg_arrival_rooms_a, layout_basic
D:2:      layout_basic, fedhas_altar_2, uniq_sigmund
D:3:      layout_rooms, nemelex_altar_shiori, chequers_ecumenical_altar_lobes,
          uniq_jessica
D:4:      layout_rooms, marbit_many_paths, nicolae_alphabet_shops,
          okawaru_ov_weapons_minmay

Skill      XL: |  1  2  3  4  5  6 |
---------------+-------------------+-----
Fighting       | 5 6 |  6.5
Axes           | 3 4 |  4.4
Armour         | 4 5 |  5.2
Shields        | 4 5 |  5.3

Action                   |  1- 3 |  4- 6 || total
-------------------------+-------+-------++-------
Melee: War axe           |    21 |       ||    21
       Headbutt          |     4 |    22 ||    26
       Hand axe          |    26 |   124 ||   150
Throw: Stone             |    37 |   115 ||   152
  Use: Scroll            |       |     4 ||     4
Armor: Scale mail        |    20 |    38 ||    58
Dodge: Dodged            |    19 |    44 ||    63
Block: Kite shield       |    29 |    32 ||    61
       Tower shield      |       |    57 ||    57

Table legend: (Time is in decaauts)
 A = Elapsed time spent in this place.
 B = Non-inter-level travel time spent in this place.
 C = Inter-level travel time spent in this place.
 D = Time resting spent in this place.
 E = Time spent auto-exploring this place.
 F = Levels seen in this place.
 G = Mean time per level.
                   A        B        C        D        E       F      G
               +--------+--------+--------+--------+--------+-----+--------+
         Total |   3303 |   3122 |    181 |    144 |   2299 |   4 |  825.8 |
       Dungeon |   3303 |   3122 |    181 |    144 |   2299 |   4 |  825.8 |
               +--------+--------+--------+--------+--------+-----+--------+

Top non-repeatable levels by time:
     D:2: 1313 daAuts
     D:1: 808 daAuts
     D:3: 699 daAuts
     D:4: 482 daAuts
